 Dungeon Crawl Stone Soup version 0.24-a0-581-gc0fa660 (webtiles) character file.

Game seed: 16662617414117749424

457 Firecrotchwizard the Poker (level 7, -2/54 HPs)
             Began as a Merfolk Skald on Aug 26, 2019.
             Was a Follower of Okawaru.
             Slain by an orc priest
             ... wielding a +4 falchion
              (7 damage)
             ... on level 4 of the Dungeon.
             The game lasted 00:09:15 (3637 turns).

Firecrotchwizard the Poker (Merfolk Skald)          Turns: 3637, Time: 00:09:16

Health: -2/54      AC:  8    Str: 12    XL:     7   Next: 6%
Magic:  7/10       EV: 16    Int: 14    God:    Okawaru [*.....]
Gold:   132        SH:  0    Dex: 15    Spells: 6/10 levels left

rFire    . . .     SeeInvis .   n - +0 trident
rCold    . . .     Gourm    .   (no shield)
rNeg     . . .     Faith    .   f - +0 ring mail
rPois    .         Spirit   .   (no helmet)
rElec    .         Reflect  .   j - +1 cloak
rCorr    .         Harm     .   (no gloves)
MR       .....                  (no boots)
Stlth    ++........             (no amulet)
HPRegen  0.18/turn              o - +2 ring of dexterity
MPRegen  0.12/turn              (no ring)

@: heroism
A: change form in water, swift swim, stealthy swim
a: Heroism, Renounce Religion


You were on level 4 of the Dungeon.
You worshipped Okawaru.
Okawaru was aware of your devotion.
You were not hungry.

You visited 1 branch of the dungeon, and saw 4 of its levels.

You collected 132 gold pieces.

Inventory:

Hand Weapons
 n - a +0 trident (weapon)
   (You took it off an orc on level 3 of the Dungeon)
Armour
 f - a +0 ring mail (worn)
   (You found it on level 3 of the Dungeon)
 j - a +1 cloak (worn)
   (You found it on level 2 of the Dungeon)
Jewellery
 o - a +2 ring of dexterity (left hand)
   (You found it on level 3 of the Dungeon)
Wands
 h - a wand of polymorph (9)
   (You found it on level 4 of the Dungeon)
Scrolls
 a - a scroll of identify
 i - a scroll of teleportation
 k - a scroll of remove curse
Potions
 c - a potion of cancellation {unknown}
 e - a potion of invisibility {unknown}
 g - 2 potions of lignification {unknown}
 m - 2 potions of curing {unknown}
Comestibles
 b - 2 chunks of flesh {@w0}
 d - 6 rations


   Skills:
 + Level 4.0(9.0) Fighting
 * Level 7.1(12.1) Polearms
 - Level 0.6(5.6) Armour
 + Level 4.8(9.8) Dodging
 - Level 2.0 Spellcasting
 + Level 2.5 Hexes
 - Level 3.6 Charms


You had 6 spell levels left.
You knew the following spells:

 Your Spells              Type           Power        Failure   Level  Hunger
a - Infusion              Chrm           ##..         11%         1    ##.....
z - Spectral Weapon       Hex/Chrm       #.......     38%         3    ####...

Your spell library contained the following spells:

 Spells                   Type           Power        Failure   Level  Hunger
 Confusing Touch          Hex            #.....       17%         1    ##.....
 Song of Slaying          Chrm           ##......     17%         2    ###....
 Shroud of Golubria       Chrm/Tloc      #.....       34%         2    ###....
 Animate Skeleton         Necr           N/A          43%         1    ##.....
 Apportation              Tloc           #.....       43%         1    ##.....
 Summon Small Mammal      Summ           #...         43%         1    ##.....
 Regeneration             Chrm/Necr      #.........   56%         3    ####...


Dungeon Overview and Level Annotations

Branches:
Dungeon (4/15)
 Temple: D:4-7

Altars:
Okawaru
Ru

Annotations:
D:2 Sigmund


Message History

You start resting.
Health restored: 54 Eating one of 3 chunks of flesh {@w0}.
You eat one of the 3 chunks of flesh {@w0}.
Found an escape hatch in the ceiling.
No target in view!
Found a stone staircase leading down.
An orc wizard comes into view. It is wielding a +0 dagger.
The orc wizard moves out of view.
No target in view!
No target in view! 2 orcs come into view.
An orc is wielding a +1 dagger of flaming.
There is an escape hatch in the ceiling here.
You begin infusing your attacks with magical energy.
An orc priest comes into view. It is wielding a +4 falchion.
The orc wizard hits you with a +0 dagger.
You take 1 damage, and have 53/54 hp.
You now have 9/10 mp.
The orc priest shouts!
You puncture the orc wizard!
The orc priest casts a cantrip, but nothing happens.
The orc closely misses you. The orc wizard casts a spell at you.
The puff of frost hits you.
You take 4 damage, and have 49/54 hp.
You now have 8/10 mp.
You closely miss the orc wizard. You closely miss the orc wizard.
The orc hits you from afar with a +0 trident.
You take 2 damage, and have 48/54 hp.
Your ring mail prevents you from hitting the orc wizard.
The orc wizard misses you.
The orc hits you from afar with a +0 trident.
The orc hits you but does no damage.
You take 3 damage, and have 45/54 hp.
Your magical infusion is running out.
The orc wizard points at you and mumbles some strange words.
The puff of frost misses you. The orc hits you but does no damage.
You hit the orc.
The orc wizard gestures at you while chanting.
The puff of frost hits you. The orc hits you but does no damage.
You take 6 damage, and have 39/54 hp.
Attack whom?
Aim: an orc wizard, wielding a +0 dagger and wearing a +0 robe (severely wounded)
You reach to attack!
You barely miss the orc wizard.
The orc wizard looks braver for a moment.
The orc completely misses you. The orc misses you.
Attack whom?
Aim: an orc wizard, wielding a +0 dagger and wearing a +0 robe (severely wounded)
You reach to attack!
You closely miss the orc wizard. The orc priest barely misses you.
The orc hits you from afar with a +0 trident.
You take 2 damage, and have 37/54 hp.
You closely miss the orc wizard.
The orc priest hits you but does no damage.
The orc misses you.
You hit the orc wizard but do no damage.
The orc wizard closely misses you.
The orc priest calls upon Beogh to heal the orc wizard.
The orc wizard is healed somewhat.
The orc barely misses you.
You hit the orc wizard.
You are no longer magically infusing your attacks.
The orc barely misses you.
The orc priest hits you with a +4 falchion.
The orc wizard hits you with a +0 dagger.
The orc hits you but does no damage.
You take 6 damage, and have 31/54 hp.
You now have 8/10 mp.
You closely miss the orc wizard. The orc barely misses you.
The orc wizard hits you but does no damage.
The orc closely misses you.
The orc priest hits you with a +4 falchion.
You take 5 damage, and have 26/54 hp.
You gain the combat prowess of a mighty hero.
The orc hits you from afar with a +0 trident.
The orc wizard closely misses you. The orc misses you.
The orc priest hits you with a +4 falchion.
You take 6 damage, and have 20/54 hp.
You now have 6/10 mp.
You closely miss the orc wizard.
The orc hits you from afar with a +0 trident.
* * * LOW HITPOINT WARNING * * *
You take 4 damage, and have 16/54 hp.
You hit the orc wizard but do no damage.
The orc wizard hits you but does no damage.
The orc hits you but does no damage.
The orc priest hits you with a +4 falchion.
* * * LOW HITPOINT WARNING * * *
You take 3 damage, and have 13/54 hp.
You hit the orc wizard but do no damage.
The orc hits you from afar with a +0 trident.
* * * LOW HITPOINT WARNING * * *
The orc wizard looks encouraged for a moment.
The orc hits you but does no damage.
You take 2 damage, and have 11/54 hp.
You hit the orc wizard but do no damage.
The orc priest hits you with a +4 falchion.
* * * LOW HITPOINT WARNING * * *
The orc closely misses you. The orc wizard barely misses you.
You take 6 damage, and have 5/54 hp.
You closely miss the orc wizard. The orc closely misses you.
The orc priest hits you with a +4 falchion!
You die...

......#..#.##..# #...#
#####.####.###.###...#
#......# #..###.##
######## ##.# .# #.##
.# #..# .#
#######.##.#
........o..#####
.......@o........
########o#.######
.o..# .##..# .. .># ..
..# #.# ### #.


You could see an orc priest, an orc wizard and 2 orcs.

Vanquished Creatures
  An ogre (D:3)
  A howler monkey (D:4)
  A crimson imp (D:3)
  An orc priest (D:4)
  A bullfrog skeleton (D:4)
  4 orc wizards
  A worker ant (D:4)
  3 adders
  An ooze (D:3)
  3 dart slugs
  2 leopard geckos (D:3)
  9 orcs
  7 bats
  3 giant cockroaches
  7 goblins
  6 hobgoblins
  6 jackals (D:1)
  2 kobolds
  2 quokkas
  5 frilled lizards
  A jackal skeleton (D:4)
  8 rats
75 creatures vanquished.

Vanquished Creatures (others)
  A spectral weapon (D:2)
1 creature vanquished.

Grand Total: 76 creatures vanquished

Notes
Turn   | Place    | Note
-------+----------+-------------------------------------------
     0 | D:1      | Firecrotchwizard the Merfolk Skald began the quest for the
                  | Orb.
     0 | D:1      | Reached XP level 1. HP: 16/16 MP: 3/3
   162 | D:1      | Reached XP level 2. HP: 23/23 MP: 1/5
   292 | D:1      | Reached skill level 3 in Dodging
   473 | D:1      | Reached XP level 3. HP: 23/28 MP: 0/6
   613 | D:1      | Reached skill level 4 in Polearms
   734 | D:1      | Learned a level 3 spell: Spectral Weapon
  1340 | D:2      | Noticed Sigmund
  1375 | D:3      | Reached XP level 4. HP: 14/34 MP: 0/7
  1677 | D:3      | Found an iron altar of Okawaru.
  1691 | D:3      | Became a worshipper of Warmaster Okawaru
  1762 | D:3      | Found a sacrificial altar of Ru.
  1887 | D:3      | Reached skill level 3 in Fighting
  1887 | D:3      | Reached skill level 1 in Hexes
  1896 | D:3      | Reached skill level 5 in Polearms
  1900 | D:3      | Reached XP level 5. HP: 36/41 MP: 0/8
  1999 | D:3      | Reached skill level 4 in Dodging
  2364 | D:3      | HP: 10/41 [poisoned by an adder]
  2372 | D:3      | HP: 9/41 [poisoned by an adder]
  2674 | D:3      | Noticed an ogre
  2681 | D:3      | Killed an ogre
  2681 | D:3      | Reached * piety under Okawaru
  2681 | D:3      | Reached skill level 6 in Polearms
  2681 | D:3      | Reached skill level 2 in Hexes
  2681 | D:3      | Reached XP level 6. HP: 48/48 MP: 1/9
  3240 | D:4      | Reached skill level 4 in Fighting
  3474 | D:4      | Reached skill level 7 in Polearms
  3474 | D:4      | Reached XP level 7. HP: 34/54 MP: 10/10
  3634 | D:4      | HP: 13/54 [orc priest/+4 falchion (3)]
  3636 | D:4      | HP: 5/54 [orc priest/+4 falchion (6)]
  3637 | D:4      | Slain by an orc priest

Levels and vault maps discovered:
D:1:      onia_arrival_pentagram, layout_loops_ring
D:2:      layout_basic, elyvilon_altar_4, uniq_sigmund, uniq_robin
D:3:      layout_loops_ring, nicolae_ru_path_of_blood, old_standard_altar
D:4:      layout_basic, kiku_gazebo_garden_becter,
          minmay_temple_entry_purple_smoke

Skill      XL: |  1  2  3  4  5  6 |
---------------+-------------------+-----
Dodging        | 3 4 |  4.8
Polearms       | 4 5 6 7 |  7.1
Fighting       | 3 4 |  4.0
Hexes          | 1 2 |  2.5
Armour         | |  0.6
Spellcasting   | |  2.0
Charms         | |  3.6

Action                   |  1- 3 |  4- 6 |  7- 9 || total
-------------------------+-------+-------+-------++-------
Melee: Spear             |   158 |    10 |       ||   168
       Trident           |       |   152 |    16 ||   168
 Cast: Infusion          |     8 |     7 |     1 ||    16
       Spectral Weapon   |     1 |     1 |       ||     2
Invok: Heroism           |       |       |     1 ||     1
  Use: Scroll            |       |     6 |       ||     6
       Potion            |       |     1 |       ||     1
  Eat: Chunk             |     1 |     8 |     1 ||    10
Armor: Leather armour    |    27 |    15 |       ||    42
       Ring mail         |       |    14 |     7 ||    21
Dodge: Dodged            |    90 |    87 |    17 ||   194

Table legend:
 A = Non-vault XP
 B = Vault XP
 C = Vault XP percentage of total XP
 D = Non-vault monster count
 E = Vault monster count
 F = Vault count percentage of total count
                 A         B        C        D         E       F
            +---------+---------+-------+---------+---------+-------
      Total |     653 |       0 |   0.0 |      75 |       0 |   0.0
            +---------+---------+-------+---------+---------+-------
        D:1 |      57 |       0 |   0.0 |      31 |       0 |   0.0
        D:2 |      18 |       0 |   0.0 |       4 |       0 |   0.0
        D:3 |     331 |       0 |   0.0 |      31 |       0 |   0.0
        D:4 |     247 |       0 |   0.0 |       9 |       0 |   0.0
            +---------+---------+-------+---------+---------+-------

Levels and vault maps discovered:
D:1:      onia_arrival_pentagram, layout_loops_ring
D:2:      layout_basic, elyvilon_altar_4, uniq_sigmund, uniq_robin
D:3:      layout_loops_ring, nicolae_ru_path_of_blood, old_standard_altar
D:4:      layout_basic, kiku_gazebo_garden_becter,
          minmay_temple_entry_purple_smoke

Table legend:
 A = Turns spent in this place as a percentage of turns spent in the entire game.
 B = Non-inter-level travel turns spent in this place as a percentage of non-inter-level travel turns spent in the entire game.
 C = Inter-level travel turns spent in this place as a percentage of turns spent in this place.
 D = Turns resting spent in this place as a percentage of non-inter-level travel turns spent in this place.
 E = Turns spent auto-exploring this place as a percentage of non-inter-level travel turns spent in this place.
 F = Non-inter-level travel turns spent in this place divided by the number of levels of this place that you've seen.
                   A       B       C       D       E      F
               +-------+-------+-------+-------+-------+----------------------
         Total | 100.0 | 100.0 |   1.2 |  43.1 |  37.4 | 898.8
       Dungeon | 100.0 | 100.0 |   1.2 |  43.1 |  37.4 | 898.8
               +-------+-------+-------+-------+-------+----------------------

Table legend:
 A = Kills in this place as a percentage of kills in entire the game.
 B = Kills by you in this place as a percentage of kills by you in the entire game.
 C = Kills by friends in this place as a percentage of kills by friends in the entire game.
 D = Other kills in this place as a percentage of other kills in the entire game.
 E = Experience gained in this place as a percentage of experience gained in the entire game.
 F = Experience gained in this place divided by the number of levels of this place that you have seen.
                   A       B       C       D       E      F
               +-------+-------+-------+-------+-------+----------------------
         Total | 100.0 | 100.0 |   N/A |   N/A | 100.0 | 163.2
       Dungeon | 100.0 | 100.0 |   N/A |   N/A | 100.0 | 163.2
               +-------+-------+-------+-------+-------+----------------------
